 Dungeon Crawl Stone Soup version 0.23-a0-671-g42e8185 (webtiles) character file.

5647 tatocazan the Spear-Bearer (level 10, -1/79 HPs)
             Began as a Merfolk Gladiator on Jan 9, 2019.
             Was a Follower of Ashenzari.
             Slain by a big kobold
             ... wielding a +0 short sword
              (6 damage)
             ... on level 7 of the Dungeon.
             The game lasted 00:21:00 (12468 turns).

tatocazan the Spear-Bearer (Merfolk Gladiator)     Turns: 12468, Time: 00:21:00

Health: -1/79      AC:  6    Str: 20    XL:     10   Next: 74%
Magic:  10/10      EV: 21    Int:  7    God:    Ashenzari [*.....]
Gold:   160        SH:  2    Dex: 18    Spells: 9/9 levels left

rFire    . . .     SeeInvis +   a - +0 trident (curse)
rCold    + . .     Gourm    .   (no shield)
rNeg     . . .     Faith    .   t - +1 robe of Too Many Cooks {rC+ Str+4} (curse)
rPois    .         Spirit   .   c - +0 helmet
rElec    .         Reflect  +   (no cloak)
rCorr    .         Harm     .   n - +1 pair of gloves
MR       .....                  (no boots)
Stlth    ++++......             o - +2 amulet of reflection (curse)
HPRegen  0.23/turn              j - ring of see invisible
MPRegen  0.12/turn              (no ring)

@: no status effects
A: change form in water, swift swim, stealthy swim
a: Curse Item, Scrying, Renounce Religion


You were on level 7 of the Dungeon.
You worshipped Ashenzari.
Ashenzari was aware of your devotion.
You were hungry.

You visited 2 branches of the dungeon, and saw 9 of its levels.

You collected 548 gold pieces.
You spent 388 gold pieces at shops.

Inventory:

Hand Weapons
 a - a cursed +0 trident (weapon)
Missiles
 d - 5 throwing nets (quivered)
Armour
 b - a +0 leather armour
 c - a +0 helmet (worn)
 n - a +1 pair of gloves (worn)
 t - the cursed +1 robe of Too Many Cooks (worn) {rC+ Str+4}
   (You found it on level 4 of the Dungeon)

   It affects your strength (+4).
   It protects you from cold.
   It has a curse placed upon it.
 F - a +0 cloak
Jewellery
 j - a ring of see invisible (left hand)
 o - a cursed +2 amulet of reflection (around neck)
Wands
 i - a wand of flame (42)
 G - a wand of random effects (21)
Scrolls
 e - 3 scrolls of fear
 h - 2 scrolls of random uselessness {unknown}
 k - 5 scrolls of magic mapping
 q - 4 scrolls of fog {unknown}
 r - 2 scrolls of enchant armour {unknown}
 s - a scroll of amnesia {unknown}
 u - 6 scrolls of identify
 v - 2 scrolls of enchant weapon
 y - 5 scrolls of teleportation
 z - 2 scrolls of blinking
 A - 6 scrolls of noise {unknown}
 D - a scroll of immolation {unknown}
 H - a scroll of torment {unknown}
Potions
 g - 2 potions of heal wounds {unknown}
 l - 6 potions of degeneration {unknown}
 m - 2 potions of curing
 p - a potion of agility {unknown}
 w - 2 potions of lignification {unknown}
 B - a potion of haste {unknown}
 E - a potion of ambrosia {unknown}
Comestibles
 f - 17 rations
 C - 7 chunks of flesh


   Skills:
 * Level 7.1 Fighting
 + Level 12.3 Polearms
 - Level 2.4 Throwing
 + Level 4.1 Armour
 + Level 11.4 Dodging
 + Level 6.8 Stealth


You had 9 spell levels left.
You didn't know any spells.
Your spell library contained the following spells:

 Spells                   Type           Power        Failure   Level  Hunger
 Freeze                   Ice            #...         43%         1    ##.....
 Summon Small Mammal      Summ           #...         43%         1    ##.....
 Call Imp                 Summ           #.......     56%         2    ###....
 Throw Frost              Conj/Ice       #.....       56%         2    ###....
 Call Canine Familiar     Summ           #.......     80%         3    ####...
 Ozocubu's Armour         Chrm/Ice       #.......     80%         3    ####...
 Summon Guardian Golem    Hex/Summ       #.......     80%         3    ####...
 Summon Ice Beast         Ice/Summ       #.......     99%         4    #####..
 Summon Lightning Spire   Summ/Air       #.......     99%         4    #####..
 Throw Icicle             Conj/Ice       #.......     99%         4    #####..


Dungeon Overview and Level Annotations

Branches:
Dungeon (8/15)             Temple (1/1) D:4
   Lair: D:8-11

Altars:
Ashenzari
Cheibriados
Dithmenos
Fedhas
Gozag
Hepliaklqana
Kikubaaqudgha
Makhleb
Nemelex Xobeh
Okawaru
Qazlal
Ru
Sif Muna
Trog
Uskayaw
Vehumet
Wu Jian
Xom
Yredelemnul
Zin
The Shining One

Shops:
D:5 ?   D:6 [   D:7 *

Annotations:
D:4 1 runed door, korrot's ghost, amateur HOFi


Message History

The human is moderately wounded.
The big kobold zaps a wand.
The puff of flame misses you.
You closely miss the human.
The human is moderately wounded.
The human hits you with a +0 flail!
* * * LOW HITPOINT WARNING * * *
You take 11 damage, and have 16/79 hp.
The big kobold zaps a wand.
The puff of flame misses you. You block the human's attack.
There is a stone staircase leading down, spattered with blood here.
You see here a crocodile corpse.
You barely miss the big kobold.
The big kobold is heavily wounded.
The big kobold completely misses you.
You barely miss the big kobold.
The big kobold is heavily wounded.
The human hits you with a +0 flail!
* * * LOW HITPOINT WARNING * * *
The big kobold hits you with a +0 short sword.
You die...

#.#
#.###..#####.#.####
#.# #.# #..#
#......... #.# #.#
#..# #.#....... #.#
#.###..###.########
#.####.#........#
#...........#####
#######..##.# #
#K.##.# #####
#@p##.# #....
#..##.# #.###
#..##.# #.###
#..##.# ##.##.
#..##.## #.....
#..#.#.## #..##.
#...###.### #.....
#..## ##..###.####
#.#.###.#.#.....##


You could see a human and a big kobold.

Vanquished Creatures
  A two-headed ogre (D:7)
  Maurice (D:8)
  2 hippogriffs (D:7)
  Sigmund (D:2)
  3 humans
  3 wargs (D:8)
  Edmund (D:4)
  A water moccasin (D:6)
  An orc warrior (D:7)
  A sky beast (D:6)
  An ice beast (D:6)
  A black bear (D:7)
  A phantom (D:8)
  An ogre (D:8)
  3 centaurs
  2 crocodiles
  A big kobold (D:7)
  4 bullfrogs
  2 scorpions
  12 killer bees (D:7)
  5 howler monkeys
  7 crimson imps
  2 hounds
  4 orc priests
  A centaur skeleton (D:4)
  An iguana (D:4)
  8 orc wizards
  6 worker ants
  A killer bee zombie (D:8)
  Robin (D:2)
  11 adders
  A howler monkey skeleton (D:7)
  A shadow imp (D:3)
  An ooze (D:4)
  An adder skeleton (D:5)
  An adder zombie (D:7)
  3 worms
  4 dart slugs
  4 leopard geckos
  26 orcs
  6 giant cockroaches
  14 goblins
  11 hobgoblins
  10 jackals
  3 quokkas
  9 bats
  7 frilled lizards
  10 kobolds
  6 rats
208 creatures vanquished.

Vanquished Creatures (others)
  A plant (D:8)
1 creature vanquished.

Grand Total: 209 creatures vanquished

Notes
Turn   | Place    | Note
-------+----------+-------------------------------------------
     0 | D:1      | tatocazan the Merfolk Gladiator began the quest for the
                  | Orb.
     0 | D:1      | Reached XP level 1. HP: 16/16 MP: 1/1
   123 | D:1      | Reached XP level 2. HP: 23/23 MP: 2/2
   754 | D:2      | Found a deep blue altar of Sif Muna.
   852 | D:2      | Found a sacrificial altar of Ru.
   937 | D:2      | Reached XP level 3. HP: 26/28 MP: 3/3
   992 | D:2      | Reached skill level 5 in Polearms
  1202 | D:2      | Noticed Sigmund
  1229 | D:2      | Killed Sigmund
  1229 | D:2      | Reached skill level 6 in Polearms
  1229 | D:2      | Reached skill level 5 in Dodging
  1229 | D:2      | Reached skill level 1 in Stealth
  1229 | D:2      | Reached XP level 4. HP: 20/35 MP: 4/4
  1229 | D:2      | Reached XP level 5. HP: 24/41 MP: 5/5
  1500 | D:2      | Noticed Robin
  1513 | D:2      | Killed Robin
  1513 | D:2      | Reached skill level 1 in Armour
  1868 | D:2      | Reached XP level 6. HP: 47/47 MP: 6/6
  3254 | D:4      | Reached skill level 7 in Polearms
  3254 | D:4      | Reached XP level 7. HP: 52/53 MP: 7/7
  3372 | D:4      | Found a staircase to the Ecumenical Temple.
  3372 | D:4      | Noticed Edmund
  3392 | D:4      | Killed Edmund
  3403 | Temple   | Entered the Ecumenical Temple
  4248 | Temple   | Became a worshipper of Ashenzari the Shackled
  4376 | D:4      | Found a stormy altar of Qazlal.
  4377 | D:4      | Found a basalt altar of Yredelemnul.
  4449 | D:4      | Found an ancient bone altar of Kikubaaqudgha.
  4832 | D:4      | Found a snail-covered altar of Cheibriados.
  4833 | D:4      | Found a bloodstained altar of Trog.
  5105 | D:4      | Found a runed door.
  5105 | D:4      | Noticed korrot's ghost (amateur HOFi)
  5149 | D:4      | Got the uncursed robe of Too Many Cooks {rC+ Str+4}
  5160 | D:4      | Identified the +1 robe of Too Many Cooks {rC+ Str+4} (You
                  | found it on level 4 of the Dungeon)
  5339 | D:5      | Entered Level 5 of the Dungeon
  5450 | D:5      | Reached skill level 8 in Polearms
  5450 | D:5      | Reached XP level 8. HP: 45/60 MP: 8/8
  5853 | D:5      | Found Toonnoor's Magic Scroll Shoppe.
  5871 | D:5      | Bought a scroll of teleportation for 39 gold pieces
  5871 | D:5      | Bought a scroll of magic mapping for 45 gold pieces
  5871 | D:5      | Bought a scroll of fear for 45 gold pieces
  5871 | D:5      | Bought a scroll of enchant weapon for 97 gold pieces
  5871 | D:5      | Bought a scroll of identify for 26 gold pieces
  6157 | D:5      | Reached * piety under Ashenzari
  6281 | D:5      | Found a shimmering altar of Xom.
  6282 | D:5      | Found a burning altar of Makhleb.
  6483 | D:6      | Found Xydgh's Antique Armour Shop.
  6927 | D:6      | Reached skill level 9 in Polearms
  7354 | D:7      | Found Ymithral's General Store.
  7375 | D:7      | Bought a scroll of blinking for 97 gold pieces
  7375 | D:7      | Bought a scroll of remove curse for 39 gold pieces
  7388 | D:7      | Reached skill level 5 in Fighting
  7393 | D:7      | Noticed a hippogriff
  7402 | D:7      | Killed a hippogriff
  7402 | D:7      | Reached XP level 9. HP: 27/68 MP: 9/9
  7937 | D:7      | Reached skill level 10 in Polearms
  7952 | D:7      | Reached skill level 5 in Stealth
  9157 | D:8      | Noticed a two-headed ogre
  9606 | D:8      | Reached skill level 10 in Dodging
 10049 | D:8      | Reached skill level 11 in Polearms
 10127 | D:7      | Reached XP level 10. HP: 12/76 MP: 10/10
 11366 | D:7      | Killed a two-headed ogre
 11739 | D:7      | Reached skill level 12 in Polearms
 12017 | D:8      | Noticed Maurice
 12038 | D:8      | Killed Maurice
 12413 | D:8      | Noticed a two-headed ogre
 12468 | D:7      | Slain by a big kobold

Vault maps used:
D:1:      matt_arrival_debris
D:2:      lemuel_doored_altar, nicolae_overflow_crystal_walls, uniq_robin,
          uniq_sigmund
D:3:      minmay_fountain_box
D:4:      overflow_temple_1_default, grunt_temple_overflow_open,
          gammafunk_temple_overflow_pools, minmay_temple_entry_ruins,
          gammafunk_ghost_grave, first_ration, grunt_ministairs_11,
          kennysheep_diamond, minmay_cut_off, uniq_edmund
D:5:      grunt_temple_overflow_champion_of_chaos, serial_shops, shop_coins
D:6:      serial_shops, shop_fountains, sigmund_army
D:7:      serial_shops, shop
D:8:      nicolae_overflow_hidden_temple, erik_lair_orcish_takeover,
          blue_anna_alchemist, minmay_ruffians, uniq_maurice, uniq_harold
Temple:   chequers_temple_sunken

Skill      XL: |  1  2  3  4  5  6  7  8  9 10 |
---------------+-------------------------------+-----
Polearms       | 6 7 8 9 11 12 | 12.3
Fighting       | 3 4 5 6 7 |  7.1
Dodging        | 5 6 7 8 10 11 | 11.4
Stealth        | 1 2 3 4 5 6 |  6.8
Armour         | 1 2 3 4 |  4.1
Throwing       | |  2.4

Action                   |  1- 3 |  4- 6 |  7- 9 | 10-12 || total
-------------------------+-------+-------+-------+-------++-------
Melee: Trident           |    85 |   129 |   647 |   223 ||  1084
Invok: Curse Item        |       |       |     3 |       ||     3
       Scrying           |       |       |       |     1 ||     1
Evoke: Wand              |       |       |    19 |    12 ||    31
  Use: Potion            |     1 |       |       |       ||     1
       Scroll            |       |       |     1 |       ||     1
 Stab: Sleeping          |     1 |     4 |    14 |       ||    19
       Distracted        |       |       |     1 |     3 ||     4
       Paralysed         |       |       |     4 |       ||     4
  Eat: Chunk             |     1 |     3 |    12 |     3 ||    19
       Ration            |       |     1 |     3 |     1 ||     5
Armor: Leather armour    |    10 |    20 |    14 |       ||    44
       Robe              |       |       |    60 |    27 ||    87
Dodge: Dodged            |    49 |    86 |   445 |   199 ||   779
Block: Other             |       |     3 |    37 |    21 ||    61
       Reflection        |       |       |     4 |     2 ||     6

Table legend:
 A = Non-vault XP
 B = Vault XP
 C = Vault XP percentage of total XP
 D = Non-vault monster count
 E = Vault monster count
 F = Vault count percentage of total count
                 A         B        C        D         E       F
            +---------+---------+-------+---------+---------+-------
      Total |    5899 |    2169 |  26.9 |     173 |      35 |  16.8
            +---------+---------+-------+---------+---------+-------
        D:1 |      22 |       0 |   0.0 |      15 |       0 |   0.0
        D:2 |     178 |     257 |  59.1 |      24 |      13 |  35.1
        D:3 |     109 |       0 |   0.0 |      23 |       0 |   0.0
        D:4 |     345 |     222 |  39.2 |      16 |       6 |  27.3
        D:5 |     294 |      46 |  13.5 |      10 |       1 |   9.1
        D:6 |     676 |      12 |   1.7 |      18 |       4 |  18.2
        D:7 |    3369 |     196 |   5.5 |      49 |       1 |   2.0
        D:8 |     906 |    1436 |  61.3 |      18 |      10 |  35.7
            +---------+---------+-------+---------+---------+-------
